Unix NetHack Version 5.0.0-0 post-release - last build May 23 2026 06:08:33 (1c0ff79ee797540d5714e4e18072db0edd9e58ae,branch:main).

Game began 2026-05-24 04:29:27, ended 2026-05-24 04:46:00.

ArrBianca, chaotic female elven Priestess

 ------
 |....-#####-------     -----
 |@q.{|    #.......#  ##....|                                         l
 |...(.    #|.....|#  # |....###
 ------     |^....|#  # |...|  #   --------------
            |....(|#  # |...|  ### |............|
            -------###0 -----    # |............|
                   :             ##...........<.+
                                   |............|
                                   |............|
                                   --------------


                        :

ArrBianca the Acolyte        St:16 Dx:9 Co:15 In:10 Wi:17 Ch:10  Chaotic
Dlvl:7  $:74 HP:0(41) Pw:68(78) AC:7  Xp:5 T:2123  Blind

Latest messages:
 In what direction? h
 As you kick the door, it crashes open!
 The dog bites!
 The dog bites!
 What do you want to eat? [efmyAE or ?*] <space>
 Never mind.
 You hit the dog!
 The dog bites!
 You hit the dog!
 The dog bites!
 You hit the dog!
 The dog turns to flee.
 In what direction? j
 You kill the dog!
 Welcome to experience level 5.
 You see here a large box.
 In what direction? .
 Hmmm, the large box turns out to be locked.
 You find a hidden door.
 The door opens.
 M - a blessed brown potion.
 You see here a large box.
 In what direction? .
 Hmmm, the large box turns out to be locked.
 What do you want to drink? [oHM or ?*] M
 Wow!  This makes you feel great!
 Call a brown potion: 
 N - a thick spellbook.
 What do you want to read? [ghrGN or ?*] N
 A cloud of darkness falls upon you.
 The spellbook crumbles to dust!
 Call a thick spellbook: 
 A rothe suddenly appears close by!
 The rothe hits!
 The rothe bites!
 The rothe bites again!
 The rothe hits!
 The rothe bites!
 The rothe bites again!
 The rothe hits!
 The rothe bites!
 The rothe bites again!
 The rothe hits!
 The rothe bites!
 The rothe bites again!
 The rothe hits!
 The rothe bites!
 The rothe bites again!
 You die...
 Do you want your possessions identified? [ynq] (y) q

Inventory:
 Coins    ('$')
  $ - 74 gold pieces
 Weapons  (')')
  k - 4 +0 shuriken (at the ready)
  w - a +0 elven dagger
  x - a +0 orcish dagger
  u - a thoroughly corroded +0 orcish dagger
  n - a +0 spear
  a - a blessed +1 mace (weapon in right hand)
 Armor    ('[')
  v - a rustproof +1 orcish helm
  c - a +0 small shield (being worn)
  b - a +0 robe (being worn)
 Comestibles  ('%')
  A - 2 heads of romanesco
  e - 2 cloves of garlic
  y - 2 food rations
  f - 2 sprigs of wolfsbane
  m - 2 tripe rations
  E - a lichen corpse
 Scrolls  ('?')
  G - a scroll of identify
 Spellbooks  ('+')
  r - a spellbook of charm monster
  h - a spellbook of cure blindness
  g - a spellbook of detect monsters
 Potions  ('!')
  o - a potion of healing
  H - 3 potions of holy water
 Rings    ('=')
  B - a ring of regeneration
 Tools    ('(')
  i - a bell
  I - a blindfold
  L - a brass lantern
  J - a magic marker (0:72)

ArrBianca the Priestess's attributes:

Background:
 You were an Acolyte, a level 5 elven Priestess.
 You were chaotic, nominally on a mission for Susanowo
 who was opposed by Amaterasu Omikami (lawful) and Raijin (neutral).
 You were right-handed.
 You were in the Dungeons of Doom, on level 7.
 You entered the dungeon 2123 turns ago.
 It was nighttime.
 You had 166 experience points, 154 more were needed to attain level 6.

Basics:
 You had 0 out of 41 hit points.
 You had 68 out of 78 energy points (spell power).
 Your armor class was 7.
 Your wallet contained 74 zorkmids.
 Autopickup was on for '$?!/="+%' plus thrown, with exceptions.

Final Characteristics:
 Your strength was 16 (limit:18).
 Your dexterity was 9 (limit:18).
 Your constitution was 15 (limit:16).
 Your intelligence was 10 (limit:20).
 Your wisdom was 17 (limit:20).
 Your charisma was 10 (limit:18).

Final Status:
 You were temporarily blind.
 You weren't hungry.
 You were unencumbered.
 You were wielding a mace.
 You had basic skill with mace.

Final Attributes:
 You were devoutly aligned.
 You were sleep resistant.
 You would have seen invisible when not blind.
 You were telepathic.
 You had infravision.
 You were guarded.
 Your spell casting was enhanced by wearing a robe.
 You were very fast.
 You are dead.

Miscellaneous:
 You didn't encounter any bones levels.
 Total elapsed playing time was 16 minutes and 33 seconds.

Major events:
 Turn
    1: ArrBianca the chaotic elven Priestess entered the dungeon
  990: attained the rank of Acolyte (level 3)
 1790: consulted the Oracle
 2123: killed by a rothe, while reading a book

Spells:
 Name                 Level Category     Fail Retention
 detect monsters        1   divination     0%  76%-100%
 cure blindness         2   healing       36%  76%-100%

Skills:
 Fighting Skills
   bare handed combat [Unskilled]
 Weapon Skills
   club               [Unskilled]
   mace               [Basic]
   morning star       [Unskilled]
   flail              [Unskilled]
   hammer             [Unskilled]
   quarterstaff       [Unskilled]
   polearms           [Unskilled]
   spear              [Unskilled]
   trident            [Unskilled]
   lance              [Unskilled]
   bow                [Unskilled]
   sling              [Unskilled]
   crossbow           [Unskilled]
   dart               [Unskilled]
   shuriken           [Unskilled]
   boomerang          [Unskilled]
   unicorn horn       [Unskilled]
 Spellcasting Skills
   healing spells     [Unskilled]
   divination spells  [Unskilled]
   clerical spells    [Basic]

Voluntary challenges:
 Character rerolling was not enabled.
 You were an atheist.
 You never had a pet.
 You never genocided any monsters.
 You never polymorphed an object.
 You never changed form.
 You used no wishes.
Achievements:
 You attained the rank of Acolyte.
 You entered a shop.
 You consulted the Oracle of Delphi.

 The Dungeons of Doom: levels 1 to 7
    Level 1:
       A fountain.
    Level 2:
    Level 3:
       A fountain.
    Level 4:
       A general store, some fountains.
    Level 5:
       Many fountains.
       Oracle of Delphi.
    Level 6:
    Level 7: <- You were here.
       A fountain.
       Final resting place for
          you, killed by a rothe, while reading a book.


Vanquished creatures:
  a dog
  a rock mole
  a fog cloud
  a yellow light
  a baby crocodile
  2 floating eyes
  a giant bat
  2 iguanas
  2 acid blobs
  a gas spore
  a hobbit
  2 giant rats
  2 cave spiders
  6 jackals
  2 goblins
  3 grid bugs
  3 lichens
  3 newts
35 creatures vanquished.

No species were genocided or became extinct.

Game over:
                       ----------
                      /          \
                     /    REST    \
                    /      IN      \
                   /     PEACE      \
                  /                  \
                  |    ArrBianca     |
                  |      74 Au       |
                  |   killed by a    |
                  |      rothe       |
                  |                  |
                  |                  |
                  |       2026       |
                 *|     *  *  *      | *
        _________)/\\_//(\/(/\)/\//\/|_)_______

Goodbye ArrBianca the Priestess...

You died in The Dungeons of Doom on dungeon level 7 with 1062 points,
and 74 pieces of gold, after 2123 moves.
You were level 5 with a maximum of 41 hit points when you died.

